 Dungeon Crawl Stone Soup version 0.31-a0-876-gfe8ebadbca (webtiles) character file.

Game seed: 17929923792333430240

3 Ahpoh the Slasher (level 1, 19/19 HPs)
             Began as a Troll Gladiator on Oct 13, 2023.
             Quit the game on level 1 of the Dungeon.
             The game lasted 00:01:05 (252 turns).

Ahpoh the Slasher (Troll Gladiator)                  Turns: 252, Time: 00:01:06

Health: 19/19      AC:  4    Str: 21    XL:     1   Next: 41%
Magic:  0/0        EV: 10    Int:  4    God:
Gold:   85         SH:  0    Dex: 11    Spells: 0/0 levels left

rFire   . . .        a - +0 long sword
rCold   . . .        (no shield)
rNeg    . . .        b - +0 robe
rPois   .            c - +0 hat
rElec   .            (no cloak)
rCorr   .            (gloves unavailable)
SInv    .            (boots unavailable)
Will    .....        (no amulet)
Stlth   +            (no ring)
HPRegen 1.03/turn    (no ring)
MPRegen 0.07/turn

%: no passive effects
@: no status effects
A: large, unfitting armour, claws 3, regeneration 1, shaggy fur 1, tough skin 1
a: no special abilities


You were on level 1 of the Dungeon.
You visited 1 branch of the dungeon, and saw 1 of its levels.

You collected 85 gold pieces.

Inventory:

Hand Weapons
 a - a +0 long sword (weapon)
Missiles
 d - 3 throwing nets (quivered)
 e - a large rock
Armour
 b - a +0 robe (worn)
 c - a +0 hat (worn)
 h - a +0 scale mail
Scrolls
 f - a scroll of teleportation {unknown}
Potions
 g - a potion of heal wounds {unknown}


   Skills:
 + Level 1.6 Fighting
 + Level 2.5 Long Blades
 + Level 1.8 Throwing
 + Level 2.4 Dodging


You couldn't memorise any spells.
You didn't know any spells.
Your spell library was empty.

Dungeon Overview and Level Annotations

Branches:
Dungeon (1/15)

Altars:

Shops:
D:1 ?


Innate Abilities, Weirdness & Mutations

You are too large for most types of armour.
You have claws for hands.
Your natural rate of healing is unusually fast.
You are covered in fur. (AC +1)
You have tough skin. (AC +1)


Message History

You kill the hobgoblin!
You closely miss the ball python. The ball python barely misses you.
The ball python bites you.
You slash the ball python!
You kill the ball python!
Found a ruby potion and a scale mail.
Things that are here:
a ball python corpse; a hobgoblin corpse A hobgoblin comes into view.
You see here a +0 scale mail.
h - a +0 scale mail The hobgoblin hits you but does no damage.
The hobgoblin barely misses you.
The hobgoblin hits you but does no damage.
The hobgoblin hits you. The hobgoblin hits you.
You hit the hobgoblin.
The hobgoblin is severely wounded.
The hobgoblin closely misses you.
You hit the hobgoblin.
The hobgoblin is almost dead.
The hobgoblin barely misses you.
You barely miss the hobgoblin.
The hobgoblin is almost dead.
The hobgoblin hits you but does no damage.
The hobgoblin hits you.
You closely miss the hobgoblin.
The hobgoblin is almost dead.
The hobgoblin misses you.
You hit the hobgoblin but do no damage.
The hobgoblin is almost dead.
The hobgoblin hits you.
You barely miss the hobgoblin.
The hobgoblin is almost dead.
The hobgoblin hits you.
You hit the hobgoblin.
You kill the hobgoblin!
You now have 85 gold pieces (gained 15).
This armour is too small for you!
Are you sure you want to abandon this character and quit the game? (Confirm with "yes".)

#.# ##...## #.# ##.....##
#######.# #.......####
........### #..........#
..........####........#.#
#...........#..........#
#..#........#..........#
#...!.......#.##.......#
....#...@....#.#."#...#.#
##. ##.......#.#.###.##.#
##...##†#..#.##.....
##..##.#.###.....>#
###..##$#..#.#######
..........#.## ...#
####..##.###.# .#.#
.......... ..# .#.#
#.##.....#####


There were no monsters in sight!

Vanquished Creatures
  2 hobgoblins (D:1)
  A ball python (D:1)
3 creatures vanquished.

Notes
Turn   | Place    | Note
-------+----------+-------------------------------------------
     0 | D:1      | Ahpoh the Troll Gladiator began the quest for the Orb.
     0 | D:1      | Reached XP level 1. HP: 19/19 MP: 0/0
   109 | D:1      | Found Cait Doi's Magic Scroll Boutique.
   252 | D:1      | Quit the game

Illustrated notes

Levels and vault maps discovered:
D:1:      wander_arrival_peaceful_grave, layout_loops_ring, serial_shops,
          nicolae_shop_window_shopping

Action                     || total
---------------------------++-------
  Melee: Long sword        ||    11
 Armour: Robe              ||    11
  Dodge: Dodged            ||     5

Table legend: (Time is in decaauts)
 A = Elapsed time spent in this place.
 B = Non-inter-level travel time spent in this place.
 C = Inter-level travel time spent in this place.
 D = Time resting spent in this place.
 E = Time spent auto-exploring this place.
 F = Levels seen in this place.
 G = Mean time per level.
                   A        B        C        D        E       F      G
               +--------+--------+--------+--------+--------+-----+--------+
         Total |    255 |    255 |      0 |      0 |    190 |   1 |  255.0 |
       Dungeon |    255 |    255 |      0 |      0 |    190 |   1 |  255.0 |
               +--------+--------+--------+--------+--------+-----+--------+

Top non-repeatable levels by time:
     D:1: 255 daAuts
